 Dungeon Crawl Stone Soup version 0.26.0-10-g1f06aea511 (webtiles) character file.

Game seed: 15041345936521508871

779 Borgoz the Slasher (level 7, -1/59 HPs)
             Began as a Ghoul Gladiator on Jan 30, 2021.
             Slain by a sky beast (5 damage)
             ... on level 5 of the Dungeon.
             The game lasted 00:06:57 (4745 turns).

Borgoz the Slasher (Ghoul Gladiator)                Turns: 4745, Time: 00:06:57

Health: -1/59      AC:  7    Str: 18    XL:     7   Next: 85%
Magic:  6/6        EV: 12    Int:  3    God:
Gold:   151        SH:  0    Dex: 12    Spells: 6/6 levels left

rFire    . . .     SeeInvis .   a - +0 long sword
rCold    + . .     Faith    .   (no shield)
rNeg     + + +     Spirit   .   d - +0 ring mail (curse)
rPois    ∞         Reflect  .   f - +2 hat
rElec    .         Harm     .   (no cloak)
rCorr    .         Rampage  .   (no gloves)
Will     .....                  (no boots)
Stlth    +.........             (no amulet)
HPRegen  0.00/turn              (no ring)
MPRegen  0.10/turn              (no ring)

@: no status effects
A: claws 1, cold resistance 1, negative energy resistance 3, inhibited
regeneration, torment resistance, unbreathing
a: no special abilities


You were on level 5 of the Dungeon.
You visited 1 branch of the dungeon, and saw 6 of its levels.

You collected 151 gold pieces.

Inventory:

Hand Weapons
 a - a +0 long sword (weapon)
 b - a +0 short sword of venom
Armour
 d - a cursed +0 ring mail (worn)
 f - a +2 hat (worn)
 q - the +0 robe of Curiosity {MP+9 Int+3 Dex-5}
   (You found it on level 4 of the Dungeon)

   It affects your intelligence (+3).
   It affects your dexterity (-5).
   It affects your magic capacity (+9).
Jewellery
 l - an uncursed ring of ice
Wands
 n - a wand of flame (33)
 p - a wand of iceblast (11)
Scrolls
 c - a scroll of fog
 e - 2 scrolls of enchant armour
 g - a scroll of enchant weapon {unknown}
 h - a scroll of noise {unknown}
 i - a scroll of remove curse
 j - a scroll of teleportation {unknown}
 m - a scroll of identify
 o - a scroll of blinking {unknown}
Potions
 k - a potion of brilliance
 s - a potion of flight


   Skills:
 + Level 4.2 Fighting
 * Level 5.1 Long Blades
 - Level 1.7 Throwing
 * Level 4.3 Armour
 + Level 4.1 Dodging


You had 6 spell levels left.
You didn't know any spells.
Your spell library contained the following spells:

 Spells                   Type           Power        Failure   Level
 Corona                   Hex            0%           71%         1
 Sandblast                Erth           0%           71%         1
 Ensorcelled Hibernation  Hex/Ice        0%           83%         2
 Passwall                 Tmut/Erth      0%           83%         2
 Confusing Touch          Hex            0%           97%         3
 Dazzling Flash           Conj/Hex       0%           97%         3
 Stone Arrow              Conj/Erth      0%           97%         3
 Tukima's Dance           Hex            0%           97%         3
 Petrify                  Tmut/Erth      0%           100%        4
 Lee's Rapid Deconstruct  Erth           0%           100%        5


Dungeon Overview and Level Annotations

Branches:
Dungeon (6/15)
 Temple: D:4-7

Altars:
Elyvilon
Qazlal
Ru
Sif Muna
Uskayaw


Innate Abilities, Weirdness & Mutations

You thrive by killing the living.
You are immune to poison.
You have sharp fingernails.
Your flesh is cold resistant. (rC+)
You are immune to negative energy. (rN+++)
You do not regenerate when monsters are visible.
You are immune to unholy pain and torment.
You can survive without breathing.


Message History

Something hits you but does no damage.
You hit something. Something completely misses you.
Something hits you but does no damage.
You closely miss something. Something hits you. Something shocks you.
You barely miss something. Something barely misses you.
You hit something but do no damage. Something hits you but does no damage.
You miss something. Something hits you but does no damage.
You closely miss something. Something hits you. Something shocks you.
* * * LOW HITPOINT WARNING * * *
Something hits you.
* * * LOW HITPOINT WARNING * * *
Something shocks you.
* * * LOW HITPOINT WARNING * * *
A sky beast appears from thin air!
Reactivating autopickup.
You are too injured to fight recklessly!
The sky beast hits you.
* * * LOW HITPOINT WARNING * * *
The sky beast shocks you.
You die...

##.#.# ##.#.# ..Z#.#
### .{.#.# .♣ #..
##.#.# ♣♣.♣ #.#####
.#.#.# ♣..P♣♣
####.....# ...ZZ# ♣...P
#$....># .###.# #....
####.≈.#
.....###....####@Y§...#
..#.......Z.....###.#.#
# #.#..Z........# #.#.#
#.#.#.Z#####....###.#.#
#.......l.........#...#
.......##########.#####
##$###.# .# ... .... #
... ......#


You could see a sky beast and a bullfrog skeleton.

Vanquished Creatures
  A necrophage (D:5)
  2 bullfrogs
  A scorpion (D:4)
  3 orc priests
  2 orc wizards
  Jessica (D:3)
  Terence (D:2)
  An iguana (D:4)
  4 worker ants (D:4)
  Robin (D:2)
  4 gnolls (D:4)
  5 adders
  An ufetubus (D:5)
  An ooze (D:4)
  2 adder skeletons
  A dart slug (D:3)
  A worm (D:2)
  A leopard gecko (D:1)
  17 orcs
  3 ball pythons
  2 giant cockroaches (D:2)
  5 hobgoblins
  2 quokkas
  5 bats
  5 frilled lizards
  11 goblins
  A jackal skeleton (D:4)
  A jackal zombie (D:5)
  10 kobolds
  A leopard gecko skeleton (D:4)
  A quokka skeleton (D:5)
  7 rats
104 creatures vanquished.

Notes
Turn   | Place    | Note
-------+----------+-------------------------------------------
     0 | D:1      | Borgoz the Ghoul Gladiator began the quest for the Orb.
     0 | D:1      | Reached XP level 1. HP: 17/17 MP: 0/0
   284 | D:1      | Reached XP level 2. HP: 20/24 MP: 1/1
   623 | D:2      | Noticed Robin
   624 | D:2      | Reached skill level 1 in Armour
   627 | D:2      | Reached skill level 3 in Long Blades
   643 | D:2      | Reached XP level 3. HP: 13/30 MP: 2/2
   649 | D:2      | Killed Robin
  1177 | D:2      | Noticed Terence
  1195 | D:2      | Killed Terence
  1196 | D:2      | Reached XP level 4. HP: 26/37 MP: 3/3
  1410 | D:2      | Found a sacrificial altar of Ru.
  1520 | D:2      | Found a shimmering blue altar of Sif Muna.
  1647 | D:3      | Lost intelligence.
  1658 | D:3      | Reached XP level 5. HP: 12/44 MP: 4/4
  2055 | D:3      | Reached skill level 4 in Long Blades
  2055 | D:3      | Reached XP level 6. HP: 12/51 MP: 5/5
  2395 | D:3      | Found a stormy altar of Qazlal.
  2395 | D:3      | Found a white marble altar of Elyvilon.
  2592 | D:3      | Noticed Jessica
  2596 | D:3      | Killed Jessica
  2717 | D:3      | Found a hide-covered altar of Uskayaw.
  3001 | D:4      | Got a wizard robe
  3023 | D:4      | Identified the cursed +0 robe of Curiosity {MP+9 Int+3
                  | Dex-5} (You found it on level 4 of the Dungeon)
  3338 | D:4      | Reached XP level 7. HP: 32/58 MP: 6/6
  4401 | D:5      | Entered Level 5 of the Dungeon
  4724 | D:5      | Reached skill level 5 in Long Blades
  4745 | D:5      | Slain by a sky beast

Illustrated notes

Levels and vault maps discovered:
D:1:      dpeg_arrival_rooms_a, layout_rooms
D:2:      layout_loops_ring, old_standard_altar, lemuel_blue_sif_altar,
          uniq_terence, uniq_robin
D:3:      layout_basic, marbit_many_paths, gammafunk_temple_overflow_statue,
          uniq_jessica
D:4:      layout_basic
D:5:      layout_basic, serial_undead, serial_undead_e, serial_undead_a,
          serial_undead_e, serial_undead_a, portal_sewer_entry_a,
          nicolae_gozag_seed_capital, uniq_crazy_yiuf_cottage
D:6:      layout_gridville, old_standard_altar, lemuel_doored_altar,
          dk_noncrumbling_4, st_stairs_14, lightli_orcish_oven, uniq_eustachio

Skill      XL: |  1  2  3  4  5  6  7 |
---------------+----------------------+-----
Armour         | 1 2 3 4 |  4.3
Long Blades    | 3 4 5 |  5.1
Dodging        | 3 4 |  4.1
Fighting       | 3 4 |  4.2
Throwing       | |  1.7

Action                   |  1- 3 |  4- 6 |  7- 9 || total
-------------------------+-------+-------+-------++-------
Melee: Long sword        |   103 |   134 |   115 ||   352
Throw: Throwing net      |     3 |     2 |       ||     5
  Use: Potion            |     1 |     4 |     1 ||     6
       Scroll            |       |     4 |     3 ||     7
 Stab: Held in net/web   |     1 |       |       ||     1
       Invisible         |       |     2 |       ||     2
Armor: Leather armour    |    23 |    48 |    16 ||    87
       Ring mail         |       |       |    48 ||    48
Dodge: Dodged            |    73 |   134 |   132 ||   339
       Rpst.: Long sword |    30 |    57 |    38 ||   125
